 Dungeon Crawl Stone Soup version 0.28-a0-1174-g766a6a42ef (webtiles) character file.

Game seed: 3160052080958477007

424 kae the Cleaver (level 6, -6/51 HPs)
             Began as a Hill Orc Fighter on Dec 16, 2021.
             Mangled by Edmund (12 damage)
             ... on level 5 of the Dungeon.
             The game lasted 00:02:56 (3806 turns).

kae the Cleaver (Hill Orc Fighter)                  Turns: 3806, Time: 00:02:56

Health: -6/51      AC:  9    Str: 21    XL:     6   Next: 96%
Magic:  6/6        EV:  9    Int:  8    God:
Gold:   823        SH:  4    Dex: 10    Spells: 5/5 levels left

rFire   . . .      SeeInvis .   a - +0 war axe
rCold   + . .      Faith    .   c - +0 buckler
rNeg    . . .      Spirit   .   b - +1 scale mail
rPois   .          Reflect  .   (no helmet)
rElec   .          Harm     .   n - scarf {+Inv}
rCorr   .          Rampage  .   m - +0 pair of gloves
Will    .....                   (no boots)
Stlth   ..........              (no amulet)
HPRegen 0.17/turn               g - ring of protection from cold
MPRegen 0.10/turn               (no ring)

@: no status effects
A: no striking features
a: Evoke Invisibility


You were on level 5 of the Dungeon.
You visited 1 branch of the dungeon, and saw 5 of its levels.

You collected 823 gold pieces.

Inventory:

Hand Weapons
 a - a +0 war axe (weapon)
Armour
 b - a +1 scale mail (worn)
 c - a +0 buckler (worn)
 m - a +0 pair of gloves (worn)
 n - a scarf of invisibility (worn)
Jewellery
 g - a ring of protection from cold (left hand)
 j - an amulet of magic regeneration
 p - an amulet of reflection
Scrolls
 f - a scroll of fear
 k - a scroll of teleportation
 o - a scroll of immolation {unknown}
 q - a scroll of brand weapon {unknown}
Potions
 d - a potion of might
 e - a potion of curing
 h - a potion of brilliance
 i - a potion of invisibility
 l - 2 potions of heal wounds


   Skills:
 - Level 3.6 Fighting
 + Level 9.1 Axes
 - Level 3.2 Armour
 - Level 4.0 Shields


You had 5 spell levels left.
You didn't know any spells.
Your spell library contained the following spells:

 Spells                   Type           Power      Damage    Failure   Level
 Sandblast                Erth           0%         2d4       75%         1
 Passwall                 Tmut/Erth      0%         N/A       87%         2
 Stone Arrow              Conj/Erth      0%         3d7       98%         3
 Alistair's Intoxication  Tmut/Pois      0%         N/A       100%        5
 Borgnjor's Vile Clutch   Necr/Erth      0%         N/A       100%        5
 Eringya's Noxious Bog    Tmut/Pois      0%         N/A       100%        6


Dungeon Overview and Level Annotations

Branches:
Dungeon (5/15)
 Temple: D:4-7

Altars:

Annotations:
D:4 3 runed translucent doors, whitenoisemaker's ghost, novice HuMo
D:5 Edmund


Message History

You are too injured to fight recklessly!
You are too injured to fight recklessly!
You are too injured to fight recklessly!
You are too injured to fight recklessly!
You are too injured to fight recklessly!
You barely miss Edmund.
Edmund is moderately wounded.
You barely miss the bullfrog zombie.
The bullfrog zombie hits you but does no damage.
Edmund hits you with a +1 vorpal flail. The bullfrog zombie closely misses you.
You closely miss Edmund.
Edmund is moderately wounded.
You barely miss the bullfrog zombie. You block the bullfrog zombie's attack.
Edmund hits you but does no damage.
You hit Edmund.
Edmund is moderately wounded.
You hit the bullfrog zombie.
The bullfrog zombie hits you but does no damage.
Edmund closely misses you. The bullfrog zombie hits you.
You slash Edmund!
Edmund is heavily wounded.
You hit the bullfrog zombie.
The bullfrog zombie hits you but does no damage.
Edmund gestures with his flail.
Edmund hits you with a +1 vorpal flail.
You closely miss Edmund.
Edmund is heavily wounded.
You slash the bullfrog zombie! You block the bullfrog zombie's attack.
You block Edmund's attack. The bullfrog zombie barely misses you.
You slash Edmund!
Edmund is severely wounded.
You hit the bullfrog zombie. Edmund hits you with a +1 vorpal flail.
* * * LOW HITPOINT WARNING * * *
x2 You block the bullfrog zombie's attack.
You hit Edmund.
Edmund is almost dead.
You barely miss the bullfrog zombie. The bullfrog zombie hits you.
* * * LOW HITPOINT WARNING * * *
Edmund hits you with a +1 vorpal flail!
You die...

.........#
#
.........##
#
..........#
#
..........#
#
..........#
#
#.....#...#
#
#####...##
# #...# #
#@..# #
......@Z..+
#
..........#
..
..........#
...
..........#
...
..........#
#.
..........#
#####......


You could see Edmund (resistant) and a bullfrog zombie.

Vanquished Creatures
  A black bear (D:5)
  A centaur (D:5)
  A centaur skeleton (D:4)
  An orc priest (D:3)
  An iguana (D:5)
  An orc wizard (D:4)
  A hound skeleton (D:4)
  3 gnolls (D:5)
  An adder (D:3)
  A white imp (D:5)
  An adder skeleton (D:4)
  2 worms (D:2)
  3 dart slugs
  6 orcs
  6 bats
  4 endoplasms
  3 giant cockroaches
  6 goblins
  A hobgoblin (D:2)
  11 jackals
  7 kobolds
  2 quokkas
  5 ball pythons
  4 frilled lizards (D:1)
  2 rats (D:1)
75 creatures vanquished.

Notes
Turn   | Place    | Note
-------+----------+-------------------------------------------
     0 | D:1      | kae the Hill Orc Fighter began the quest for the Orb.
     0 | D:1      | Reached XP level 1. HP: 19/19 MP: 1/1
    72 | D:1      | Reached skill level 3 in Axes
    88 | D:1      | Reached XP level 2. HP: 25/26 MP: 2/2
   215 | D:1      | Reached skill level 4 in Axes
   464 | D:1      | Reached XP level 3. HP: 31/31 MP: 3/3
   535 | D:1      | Found a faded altar of an unknown god.
   893 | D:2      | Reached skill level 5 in Axes
  1428 | D:2      | Reached XP level 4. HP: 35/37 MP: 4/4
  1429 | D:2      | Identified a scroll of acquirement
  1429 | D:2      | Acquired 665 gold pieces
  1986 | D:3      | Reached skill level 6 in Axes
  2610 | D:4      | Reached XP level 5. HP: 45/45 MP: 5/5
  2624 | D:4      | Reached skill level 7 in Axes
  2713 | D:4      | Found a runed translucent gate.
  2713 | D:4      | Found a runed translucent gate.
  2713 | D:4      | Found a runed translucent gate.
  2714 | D:4      | Noticed whitenoisemaker's ghost (novice HuMo)
  3418 | D:5      | Entered Level 5 of the Dungeon
  3425 | D:5      | Noticed a centaur
  3435 | D:5      | Killed a centaur
  3436 | D:5      | Reached skill level 8 in Axes
  3436 | D:5      | Reached XP level 6. HP: 44/51 MP: 6/6
  3661 | D:5      | Noticed a black bear
  3671 | D:5      | Killed a black bear
  3672 | D:5      | Reached skill level 9 in Axes
  3793 | D:5      | Noticed Edmund
  3806 | D:5      | Mangled by Edmund

Illustrated notes

Levels and vault maps discovered:
D:1:      tarquinn_simple_flora_water_a, layout_basic,
          hellmonk_ecumenical_altar_lost_god
D:2:      layout_basic
D:3:      layout_basic
D:4:      layout_gridville, gammafunk_ghost_necromancy
D:5:      layout_basic, nicolae_dithmenos_shadow_blocks, kennysheep_little_box,
          minmay_temple_entry_poolview, uniq_edmund

Skill      XL: |  1  2  3  4  5  6 |
---------------+-------------------+-----
Axes           | 3 4 5 6 8 9 |  9.1
Shields        | 4 |  4.0
Fighting       | |  3.6
Armour         | |  3.2

Action                   |  1- 3 |  4- 6 || total
-------------------------+-------+-------++-------
Melee: War axe           |   132 |   128 ||   260
  Use: Scroll            |     2 |     9 ||    11
Armor: Scale mail        |    67 |    65 ||   132
Dodge: Dodged            |    65 |    56 ||   121
Block: Buckler           |    29 |    35 ||    64

Table legend: (Time is in decaauts)
 A = Elapsed time spent in this place.
 B = Non-inter-level travel time spent in this place.
 C = Inter-level travel time spent in this place.
 D = Time resting spent in this place.
 E = Time spent auto-exploring this place.
 F = Levels seen in this place.
 G = Mean time per level.
                   A        B        C        D        E       F      G
               +--------+--------+--------+--------+--------+-----+--------+
         Total |   3863 |   3762 |    101 |    338 |   2799 |   5 |  772.6 |
       Dungeon |   3863 |   3762 |    101 |    338 |   2799 |   5 |  772.6 |
               +--------+--------+--------+--------+--------+-----+--------+

Top non-repeatable levels by time:
     D:2: 1055 daAuts
     D:4: 888 daAuts
     D:1: 868 daAuts
     D:3: 657 daAuts
     D:5: 392 daAuts
